 Dungeon Crawl Stone Soup version 0.24-a0-285-g3c078ff (webtiles) character file.

Game seed: 6965628367893706796

13498 galech the Cleaver (level 11, -10/87 HPs)
             Began as a Demonspawn Fighter on May 7, 2019.
             Killed from afar by a deep elf mage (15 damage)
             ... with a bolt of lightning
             ... on level 12 of the Dungeon.
             The game lasted 00:15:38 (14603 turns).

galech the Cleaver (Demonspawn Fighter)            Turns: 14603, Time: 00:15:38

Health: -10/87     AC: 20    Str: 17    XL:     11   Next: 76%
Magic:  11/11      EV:  5    Int:  9    God:
Gold:   620        SH: 11    Dex: 16    Spells: 10/10 levels left

rFire    . . .     SeeInvis .   a - +0 war axe
rCold    . . .     Gourm    .   c - +0 shield
rNeg     . . .     Faith    .   M - +0 plate armour
rPois    .         Spirit   .   (helmet restricted)
rElec    .         Reflect  .   (no cloak)
rCorr    +         Harm     .   (no gloves)
MR       .....                  k - +0 pair of boots
Stlth    ..........             b - amulet of rage
HPRegen  0.24/turn              s - ring of resist corrosion
MPRegen  0.12/turn              B - +2 ring of protection

@: no status effects
A: antennae 2, iridescent scales 2, foul stench 1, powered by pain 1, rot
immunity
a: Evoke Berserk Rage


You were on level 12 of the Dungeon.
You were very full.

You visited 2 branches of the dungeon, and saw 13 of its levels.

You collected 620 gold pieces.

Inventory:

Hand Weapons
 a - a +0 war axe (weapon)
Armour
 c - a +0 shield (worn)
 k - a +0 pair of boots (worn)
 x - a +2 leather armour of fire resistance
 M - a +0 plate armour (worn)
Jewellery
 b - an amulet of rage (around neck)
 e - an uncursed amulet of the gourmand
 s - a ring of resist corrosion (left hand)
 B - a +2 ring of protection (right hand)
 E - an uncursed ring of protection from magic
 H - an uncursed ring of protection from magic
 K - an uncursed ring of ice
Wands
 m - a wand of iceblast (19)
 w - a wand of digging (9)
 G - a wand of clouds (2)
Scrolls
 i - 5 scrolls of remove curse
 l - 3 scrolls of teleportation
 p - 4 scrolls of magic mapping
 q - 5 scrolls of blinking
 u - 5 scrolls of identify {unknown}
 v - 2 scrolls of amnesia {unknown}
 y - 6 scrolls of enchant weapon {unknown}
 z - 2 scrolls of fear {unknown}
 C - 2 scrolls of fog {unknown}
 D - a scroll of noise {unknown}
 F - a scroll of brand weapon {unknown}
 L - a scroll of holy word {unknown}
Potions
 d - 3 potions of agility {unknown}
 g - 3 potions of heal wounds {unknown}
 h - a potion of degeneration {unknown}
 o - 3 potions of lignification {unknown}
 r - 3 potions of brilliance {unknown}
 t - 2 potions of flight {unknown}
 I - a potion of mutation {unknown}
 J - 2 potions of cancellation {unknown}
Comestibles
 f - 30 rations


   Skills:
 + Level 8.7 Fighting
 + Level 11.7 Axes
 + Level 7.5 Armour
 + Level 3.0 Dodging
 + Level 1.2 Stealth
 + Level 7.8 Shields


You had 10 spell levels left.
You didn't know any spells.
Your spell library contained the following spells:

 Spells                   Type           Power        Failure   Level  Hunger
 Animate Skeleton         Necr           N/A          100%        1    ##.....
 Apportation              Tloc           #.....       100%        1    ##.....
 Confusing Touch          Hex            #.....       100%        1    ##.....
 Magic Dart               Conj           #...         100%        1    ##.....
 Sting                    Conj/Pois      #...         100%        1    ##.....
 Summon Small Mammal      Summ           #...         100%        1    ##.....
 Poisonous Vapours        Pois/Air       #.....       100%        2    ###....
 Searing Ray              Conj           #.....       100%        2    ###....
 Dazzling Spray           Conj/Hex       #.....       100%        3    ####...
 Mephitic Cloud           Conj/Pois/Air  #.......     100%        3    ####...
 Force Lance              Conj/Tloc      #.......     100%        4    #####..
 Fulminant Prism          Conj/Hex       #.........   100%        4    #####..
 Iskenderun's Mystic Bla  Conj           #.......     100%        4    #####..
 Olgreb's Toxic Radiance  Pois           #.......     100%        4    #####..
 Venom Bolt               Conj/Pois      #.........   100%        5    ######.


Dungeon Overview and Level Annotations

Branches:
Dungeon (12/15)            Temple (1/1) D:7            Lair (0/6) D:11
    Orc: D:9-12

Altars:
Ashenzari
Cheibriados
Dithmenos
Elyvilon
Fedhas
Gozag
Hepliaklqana
Kikubaaqudgha
Makhleb
Qazlal
Ru
Sif Muna
Trog
Uskayaw
Vehumet
Wu Jian
Xom
Zin
The Shining One

Shops:
D:8 *

Annotations:
D:3 3 runed translucent doors, Hylith's ghost, amateur GnWn


Innate Abilities, Weirdness & Mutations

You have a pair of antennae on your head.
You are mostly covered in iridescent scales. (AC +4)
You may emit foul miasma when damaged in melee.
You sometimes gain a little power by taking damage.
You are immune to rotting.


Message History

As you read the scroll of teleportation, it crumbles to dust.
You feel strangely unstable. The troll bites you!
* * * LOW HITPOINT WARNING * * *
You block the troll's attack. The troll claws you but does no damage.
A purple ugly thing comes into view.
The orc wizard hits you but does no damage.
You block the troll's attack. The troll claws you but does no damage.
The troll barely misses you.
The orc wizard hits you but does no damage.
You block the orc wizard's attack.
Your surroundings suddenly seem different.
A two-headed ogre comes into view. It is wielding two +0 giant clubs.
The two-headed ogre shouts in stereo!
A deep elf mage comes into view. It is wielding a +0 rapier.
The deep elf mage shouts!
A sky beast comes into view.
Found five items.
Found a stone staircase leading up.
The deep elf mage gestures at you while chanting.
The bolt of lightning hits you!
You die...

....########..
....)........
...........?
#..........#
#..(.......#
######..........#
.................
#$...O..@.......
#<.........#####
#e.......).#
..........[.#
.............$
.............≈≈
#.Y########..≈≈≈
#.. ...≈≈


You could see a two-headed ogre, a deep elf mage and a sky beast.

Vanquished Creatures
  2 two-headed ogres (D:9)
  A queen ant (D:11)
  Pikel (D:7)
  2 trolls
  A slime creature (D:6)
  3 hippogriffs
  13 yaks
  3 hogs (D:7)
  Grum (D:8)
  A human (D:7)
  2 basilisks (D:11)
  A hungry ghost (D:10)
  A water moccasin (D:9)
  6 soldier ants
  4 porcupines (D:11)
  3 ice beasts
  2 orc warriors (D:11)
  3 slaves (D:7)
  A black bear (D:6)
  2 phantoms
  6 ogres
  4 wolves (D:8)
  4 centaurs
  2 crocodiles (D:11)
  A big kobold (D:10)
  7 bullfrogs
  5 scorpions
  A water moccasin skeleton (D:7)
  9 wights
  12 killer bees
  An electric eel (D:9)
  A howler monkey (D:5)
  3 crimson imps
  A bullfrog zombie (D:11)
  A quasit (D:9)
  9 jellies
  A bullfrog skeleton (D:11)
  A centaur skeleton (D:11)
  8 hounds
  7 orc priests
  Jessica (D:3)
  Ijyb (D:3)
  Terence (D:2)
  2 iguanas
  7 orc wizards
  16 worker ants
  Natasha (D:3)
  A hound zombie (D:6)
  A hound skeleton (D:8)
  8 gnolls
  11 adders
  5 shadow imps
  16 oozes
  2 worms
  2 dart slugs
  3 leopard geckos
  24 orcs
  9 giant cockroaches
  9 goblins
  5 hobgoblins
  15 jackals
  11 kobolds
  4 quokkas
  8 bats
  8 frilled lizards
  A leopard gecko skeleton (D:7)
  A leopard gecko zombie (D:5)
  A quokka skeleton (D:7)
  9 rats
320 creatures vanquished.

Vanquished Creatures (others)
  A bush (D:5)
  6 fungi
  3 plants (D:3)
10 creatures vanquished.

Grand Total: 330 creatures vanquished

Notes
Turn   | Place    | Note
-------+----------+-------------------------------------------
     0 | D:1      | galech the Demonspawn Fighter began the quest for the Orb.
     0 | D:1      | Reached XP level 1. HP: 18/18 MP: 1/1
   185 | D:1      | Gained mutation: You have a pair of small antennae on your
                  | head. [demonic ancestry]
   185 | D:1      | Reached XP level 2. HP: 23/24 MP: 2/2
   221 | D:1      | Reached skill level 2 in Axes
   335 | D:1      | Gained mutation: You sometimes gain a little power by
                  | taking damage. [demonic ancestry]
   335 | D:1      | Reached XP level 3. HP: 18/29 MP: 3/3
  1296 | D:2      | Found a hazy altar of Hepliaklqana.
  1315 | D:2      | Reached skill level 3 in Axes
  1315 | D:2      | Gained mutation: You are immune to rotting. [demonic
                  | ancestry]
  1315 | D:2      | Reached XP level 4. HP: 25/35 MP: 4/4
  1536 | D:2      | Noticed Terence
  1547 | D:2      | Killed Terence
  2131 | D:3      | Found a runed translucent gate.
  2133 | D:3      | Found a runed translucent gate.
  2134 | D:3      | Found a runed translucent gate.
  2139 | D:3      | Noticed Hylith's ghost (amateur GnWn)
  2140 | D:3      | Noticed a big kobold
  2141 | D:3      | Noticed a big kobold
  2165 | D:3      | Reached XP level 5. HP: 28/41 MP: 5/5
  2354 | D:3      | Noticed an ogre
  2360 | D:3      | Killed an ogre
  2502 | D:3      | Noticed Jessica
  2503 | D:3      | Noticed Natasha
  2505 | D:3      | Killed Jessica
  2518 | D:3      | Killed Natasha
  2518 | D:3      | Reached skill level 4 in Axes
  2518 | D:3      | Gained mutation: You are partially covered in iridescent
                  | scales. (AC +2) [demonic ancestry]
  2518 | D:3      | Reached XP level 6. HP: 23/48 MP: 6/6
  2767 | D:3      | Noticed Ijyb
  2788 | D:3      | Killed Ijyb
  4185 | D:4      | Gained mutation: You have a pair of antennae on your head.
                  | [demonic ancestry]
  4185 | D:4      | Reached XP level 7. HP: 51/54 MP: 7/7
  4198 | D:4      | Found a blossoming altar of Fedhas.
  4572 | D:4      | Reached skill level 5 in Axes
  5173 | D:5      | Entered Level 5 of the Dungeon
  5520 | D:5      | Reached skill level 5 in Fighting
  5520 | D:5      | Gained mutation: You are mostly covered in iridescent
                  | scales. (AC +4) [demonic ancestry]
  5520 | D:5      | Reached XP level 8. HP: 62/62 MP: 8/8
  5564 | D:5      | Found a burning altar of Makhleb.
  5664 | D:5      | Reached skill level 1 in Dodging
  5681 | D:5      | Got a smoking falchion
  5897 | D:5      | Reached skill level 5 in Armour
  6338 | D:6      | Reached skill level 6 in Axes
  6519 | D:6      | Reached skill level 1 in Stealth
  6519 | D:6      | Reached skill level 5 in Shields
  7200 | D:6      | Noticed a slime creature
  7219 | D:6      | Killed a slime creature
  7219 | D:6      | Reached skill level 7 in Axes
  7219 | D:6      | Gained mutation: You may emit foul miasma when damaged in
                  | melee. [demonic ancestry]
  7219 | D:6      | Reached XP level 9. HP: 50/69 MP: 9/9
  7368 | D:7      | Found a hazy altar of Hepliaklqana.
  7590 | D:8      | Reached skill level 8 in Axes
  8268 | D:7      | Found a staircase to the Ecumenical Temple.
  8286 | Temple   | Entered the Ecumenical Temple
  8551 | D:7      | Noticed Pikel
  8565 | D:7      | Killed Pikel
  8597 | D:7      | Reached XP level 10. HP: 70/77 MP: 10/10
  8663 | D:7      | Reached skill level 9 in Axes
  8837 | D:8      | Noticed Grum
  8860 | D:8      | HP: 3/79 [Grum/-2 spear (5)]
  8861 | D:8      | Killed Grum
  9481 | D:8      | Found Wuiqy's Lightly-Used Armoury.
 10151 | D:9      | Found a shadowy altar of Dithmenos.
 10151 | D:9      | Found an ornate altar of the Wu Jian Council.
 10679 | D:9      | Noticed a two-headed ogre
 10702 | D:9      | Killed a two-headed ogre
 10859 | D:9      | Reached skill level 10 in Axes
 10927 | D:9      | Noticed a two-headed ogre
 10936 | D:9      | Killed a two-headed ogre
 10936 | D:9      | Reached XP level 11. HP: 33/86 MP: 11/11
 11615 | D:10     | Entered Level 10 of the Dungeon
 13057 | D:11     | Reached skill level 11 in Axes
 13277 | D:11     | Found a staircase to the Lair.
 14519 | D:11     | Noticed a queen ant
 14575 | D:11     | Killed a queen ant
 14597 | D:12     | HP: 4/87 [troll (7)]
 14597 | D:12     | Noticed a purple ugly thing
 14601 | D:12     | Noticed a two-headed ogre
 14601 | D:12     | Noticed a deep elf mage
 14603 | D:12     | Killed from afar by a deep elf mage

Levels and vault maps discovered:
D:1:      tarquinn_simple_flora_water_a, layout_loops_ring
D:2:      layout_loops_ring, lemuel_round_altar, first_ration, uniq_terence
D:3:      layout_loops_ring, gammafunk_ghost_nasty_kobolds, uniq_ijyb,
          uniq_jessica, uniq_natasha
D:4:      layout_gridville, fedhas_ov_isle_minmay
D:5:      minmay_general_purpose_star, layout_rooms,
          makhleb_blood_cavern_becter, serial_rivers,
          chequers_serial_rivers_micro_a, chequers_serial_rivers_micro_a,
          chequers_serial_rivers_small_b, chequers_serial_rivers_marsh,
          hangedman_decor_riveting, kb_lookout_dungeons_type,
          grunt_ministairs_12
D:6:      lemuel_slime, layout_gridville
D:7:      layout_rooms, minmay_temple_entry_offerings, basic_altar,
          grunt_livestock, nrook_loot_triangle, uniq_pikel
D:8:      layout_basic, minmay_shop_damaged, uniq_grum
D:9:      layout_basic, gammafunk_temple_overflow_elements,
          nicolae_overflow_hidden_temple, nrook_pool_corridor,
          kennysheep_generic_room_11
D:10:     layout_roguey
D:11:     layout_roguey, minmay_lair_entry_grove, st_stairs_5, zaba_anthell
D:12:     cheibrodos_lost_city_excavation, layout_long_grid, hiddenorc1_lemuel,
          hangedman_decor_points
Temple:   regret_index_temple_generic_petals

Skill      XL: |  1  2  3  4  5  6  7  8  9 10 11 |
---------------+----------------------------------+-----
Axes           | 2 3 4 5 7 8 10 11 | 11.7
Shields        | 3 4 5 6 7 |  7.8
Armour         | 3 4 5 6 7 |  7.5
Fighting       | 4 5 6 8 |  8.7
Dodging        | 1 2 3 |  3.0
Stealth        | 1 |  1.2

Action                   |  1- 3 |  4- 6 |  7- 9 | 10-12 || total
-------------------------+-------+-------+-------+-------++-------
Melee: War axe           |   178 |   234 |   452 |   688 ||  1552
  Use: Potion            |       |     1 |       |     5 ||     6
       Scroll            |       |       |     5 |     2 ||     7
  Eat: Chunk             |    17 |     7 |    18 |    27 ||    69
Armor: Scale mail        |    36 |       |       |       ||    36
       Chain mail        |    65 |   112 |   314 |   193 ||   684
       Plate armour      |       |       |       |   177 ||   177
Dodge: Dodged            |    50 |    46 |   114 |   144 ||   354
Block: Shield            |   106 |   110 |   262 |   385 ||   863

Table legend:
 A = Non-vault XP
 B = Vault XP
 C = Vault XP percentage of total XP
 D = Non-vault monster count
 E = Vault monster count
 F = Vault count percentage of total count
                 A         B        C        D         E       F
            +---------+---------+-------+---------+---------+-------
      Total |   11658 |    7626 |  39.5 |     244 |      73 |  23.0
            +---------+---------+-------+---------+---------+-------
        D:1 |      69 |       0 |   0.0 |      35 |       0 |   0.0
        D:2 |      67 |      36 |  35.0 |      23 |       1 |   4.2
        D:3 |     450 |     108 |  19.4 |      31 |       3 |   8.8
        D:4 |     464 |       0 |   0.0 |       8 |       0 |   0.0
        D:5 |     274 |     231 |  45.7 |       8 |       6 |  42.9
        D:6 |     752 |     674 |  47.3 |      16 |      21 |  56.8
        D:7 |    1342 |    1670 |  55.4 |      29 |       6 |  17.1
        D:8 |     924 |     639 |  40.9 |      17 |       5 |  22.7
        D:9 |    4007 |      13 |   0.3 |      27 |       1 |   3.6
       D:10 |    2724 |     220 |   7.5 |      37 |       2 |   5.1
       D:11 |     538 |    3881 |  87.8 |      10 |      27 |  73.0
       D:12 |      47 |     154 |  76.6 |       3 |       1 |  25.0
            +---------+---------+-------+---------+---------+-------
